 Dungeon Crawl Stone Soup version 0.22-a0-91-g23542c2 (webtiles) character file.

400143 4thArraOfDagon the Brawler (level 24, 0/197 HPs)
             Began as a Formicid Fire Elementalist on Jan 22, 2018.
             Was the Champion of Ru.
             Slain by a tengu reaver
             ... wielding a +0 halberd
              (6 damage)
             ... on level 5 of the Vaults.
             The game lasted 03:20:58 (26004 turns).

4thArraOfDagon the Brawler (FoFE)                  Turns: 26004, Time: 03:20:59

Health: 0/197      AC: 32    Str: 17    XL:     24   Next: 1%
Magic:  8/50       EV: 19    Int: 35    God:    Ru [******]
Gold:   2177       SH: 22    Dex: 14    Spells: 4/51 levels left

rFire    + . .     SeeInvis +     - Unarmed
rCold    + + .     Gourm    .   h - +3 large shield {rN+}
rNeg     + + .     Faith    .   (armour currently unavailable)
rPois    ∞         Spirit   .   (helmet unavailable)
rElec    +         Reflect  .   a - +2 cloak {rC+}
rCorr    .         Harm     +   (gloves currently unavailable)
MR       +....                  (boots currently unavailable)
Stlth    +.........             C - amulet "Sootud" {Harm *Drain rF+ rC+ Str+3}
HPRegen  0.42/turn              L - ring "Wonnyso" {Wiz Dex+3 Slay+2 Stlth-}
MPRegen  0.32/turn              t - ring of Vizext {+Fly MP+9 Int+4}

@: brilliant, exhausted, statue-form, vulnerable, flying (expiring), very
slightly contaminated, studying Long Blades, very slow
A: permanent stasis, dig shafts and tunnels, four strong arms, antennae 3,
deterioration 1, frail 2, inability to drink while threatened, hated by all, no
charms magic, no hexes magic, no poison magic
}: 3/15 runes: barnacled, slimy, gossamer
a: Dig, Shaft Self, End Transformation, Draw Out Power, Power Leap, Apocalypse,
Renounce Religion, Stop Flying


You were on level 5 of the Vaults.
You worshipped Ru.
Ru was exalted by your worship.
You were near starving.
You were a stone statue.
You visited 9 branches of the dungeon, and saw 45 of its levels.
You visited the Abyss 1 time.
You also visited: Ice Cave.

You collected 4813 gold pieces.
You spent 2636 gold pieces at shops.

Inventory:

Hand Weapons
 Z - the +3 arbalest "Funaen" {velocity, *Slow rC+++ Str-3 Int+7}
   (You found it on level 13 of the Dungeon)

   Any bolt fired from it inflicts extra damage.
   It affects your strength (-3).
   It affects your intelligence (+7).
   It renders you almost immune to cold.
   It may slow you when you take damage.
Missiles
 f - 3 throwing nets (quivered)
Armour
 a - a +2 cloak of cold resistance (worn)
 d - a +2 pair of gloves of strength (melded)
 h - a +3 large shield of positive energy (worn)
 G - a +4 troll leather armour (melded)
 J - the +0 robe of Eternal Vigilance {rF+ rC+ Int+5}
   (You found it on level 5 of the Pits of Slime)

   It affects your intelligence (+5).
   It protects you from fire.
   It protects you from cold.
 R - a +2 pair of boots of flying (melded)
Magical Staves
 l - an uncursed staff of fire
Jewellery
 e - an uncursed ring of wizardry
 i - an uncursed ring of protection from cold
 t - the ring of Vizext (right hand) {+Fly MP+9 Int+4}
   (You found it on level 10 of the Dungeon)

   [ring of magical power]

   It affects your intelligence (+4).
   It affects your magic capacity (+9).
   It lets you fly.
 z - an uncursed ring of positive energy
 C - the amulet "Sootud" (around neck) {Harm *Drain rF+ rC+ Str+3}
   (You found it on level 5 of the Pits of Slime)

   [amulet of harm]

   It increases damage dealt and taken.
   It affects your strength (+3).
   It protects you from fire.
   It protects you from cold.
   It causes draining when unequipped.
 L - the ring "Wonnyso" (left hand) {Wiz Dex+3 Slay+2 Stlth-}
   (You bought it in a shop on level 2 of the Shoals)

   [ring of wizardry]

   It improves your spell success rate.
   It affects your dexterity (+3).
   It affects your accuracy and damage with ranged weapons and melee attacks
   (+2).
   It makes you less stealthy.
 N - an uncursed ring of fire
Wands
 j - a wand of clouds (10)
 k - a wand of acid (9)
 y - a wand of iceblast (39)
 W - a wand of digging (34)
Scrolls
 b - 5 scrolls of enchant weapon
 q - 10 scrolls of magic mapping
 r - 3 scrolls of immolation
 s - 4 scrolls of noise
 u - 9 scrolls of fear
 v - 5 scrolls of fog
 w - 17 scrolls of remove curse
 A - 7 scrolls of identify
 H - 3 scrolls of vulnerability
Potions
 m - 6 potions of lignification
 n - a potion of magic
 p - 4 potions of heal wounds
 x - 6 potions of resistance
 D - 2 potions of invisibility
 E - 6 potions of ambrosia
 F - 9 potions of flight
 K - a potion of might
 O - 4 potions of mutation
 P - 10 potions of curing
 Q - 6 potions of brilliance
 U - 2 potions of cancellation
 V - 4 potions of agility
Books
 g - a manual of Long Blades
 o - a book of the Tempests

   Spells                             Type                      Level
   a - Static Discharge               Conjuration/Air              3
   b - Lightning Bolt                 Conjuration/Air              5
   c - Ignition                       Fire                         8
   d - Tornado                        Air                          9
   e - Shatter                        Earth                        9
 I - a book of Air

   Spells                             Type                      Level
   a - Shock                          Conjuration/Air              1
   b - Swiftness                      Charms/Air                   2
   c - Static Discharge               Conjuration/Air              3
   d - Airstrike                      Air                          4
   e - Lightning Bolt                 Conjuration/Air              5
Miscellaneous
 S - a lightning rod (4/4)
 T - a lamp of fire
Comestibles
 c - 41 rations


   Skills:
 + Level 15.6 Fighting
 - Level 1.0 Armour
 - Level 10.6 Dodging
 - Level 2.4 Stealth
 * Level 14.4 Shields
 * Level 16.5 Unarmed Combat
 + Level 14.1 Spellcasting
 - Level 14.2 Conjurations
 - Level 6.0 Transmutations
 - Level 16.1 Fire Magic
 * Level 15.6 Earth Magic


You had 4 spell levels left.
You knew the following spells:

 Your Spells              Type           Power        Failure   Level  Hunger
a - Shatter               Erth           ########..   21%         9    #######
c - Sticky Flame          Conj/Fire      ########     1%          4    None
d - Fireball              Conj/Fire      ########..   1%          5    None
e - Lee's Rapid Deconstr  Erth           ########..   1%          5    None
g - Statue Form           Tmut/Erth      #######..    1%          6    ##.....
h - Freezing Cloud        Conj/Ice/Air   ######....   4%          6    ##.....
i - Apportation           Tloc           #####.       1%          1    None
j - Sublimation of Blood  Necr           #####.....   1%          2    None
k - Passage of Golubria   Tloc           N/A          2%          4    None
l - Passwall              Tmut/Erth      #######...   1%          2    None
m - Lesser Beckoning      Tloc           #####.....   1%          3    None


Dungeon Overview and Level Annotations

Branches:
Dungeon (15/15)            Temple (1/1) D:4            Lair (6/6) D:11
 Shoals (4/4) Lair:2       Spider (4/4) Lair:4        Slime (5/5) Lair:6
    Orc (2/2) D:11            Elf (3/3) Orc:2        Vaults (5/5) D:13
  Crypt (0/3) Vaults:2     Depths (0/5) D:15

Altars:
Elyvilon
Hepliaklqana
Kikubaaqudgha
Nemelex Xobeh
Ru
Trog
Xom
The Shining One
Jiyva

Shops:
D:9 =   D:14 =   Orc:2 (=((   Elf:3 *   Shoals:1 (   Shoals:2 *=?
Vaults:1 *(?   Vaults:2 !

Annotations:
Elf:2 3 runed doors, Aizul, Asterion


Innate Abilities, Weirdness & Mutations

You cannot be hasted, slowed, berserked, paralysed or teleported.
You can dig through walls and to a lower floor.
Your four strong arms can wield two-handed weapons with a shield.
You have a pair of large antennae on your head. (SInv)
You are very frail. (-20% HP)
You cannot drink potions while threatened.
You are hated by all.
You cannot study or cast Charms magic.
You cannot study or cast Hexes magic.
You cannot study or cast Poison magic.
Your body sometimes deteriorates upon taking damage.


Message History

The vault sentinel looks frightened!
The ironbrand convoker looks frightened!
The rust devil is unaffected.
The tengu reaver easily resists.
The phantasmal warrior is unaffected. x2
The tentacled monstrosity is unaffected.
The sphinx looks frightened!
The vault warden easily resists.
The black mamba looks frightened!
The vault warden looks frightened!
The vault warden resists with some effort.
The deep elf mage looks frightened!
The phantasmal warrior is stunned by your will and fails to attack.
Cornered, the black mamba turns to fight!
The vault warden begins to attack, but is stunned by your will! x2
The vault warden activates a sealing rune.
The deep elf demonologist begins to cast a spell, but is stunned by your will!
Cornered, the tarantella turns to fight!
You redirect the deep elf mage's attack!
The deep elf mage casts a spell.
The deep elf mage blinks!
The tengu reaver hits you from afar with a halberd.
You die...

..#.........#!
..{.[.†......#
..#.........!
..D.{.....{
...)####.###############
).[[.....4se4p4cc.c.....
<2.(.....§DSWp.2p.......
[k)2.4..32H*ppQW........
<)([....Wp2pcDX.8.......
.(.s####################
.)/≈.. { .)#≈...
.)#≈{...Q { ..#))####
))#..# { {


You could see a tentacled monstrosity, a golden dragon, a storm dragon, a sphinx
(fleeing), 5 vault wardens, a tengu reaver, a hell beast, 2 shadow demons, a
deep elf demonologist, a vault sentinel (fleeing), 2 phantasmal warriors, an
ironbrand convoker (fleeing), a hellwing, 4 yaktaurs, a rust devil, a black
mamba shaped shifter, a red devil, a tarantella and a battlesphere.

Vanquished Creatures
  the Royal Jelly (Slime:5)
  Frederick (Vaults:4)
  A bone dragon (Abyss:3)
  Nikola (Spider:1)
  Jorgrun (Vaults:1)
  A tentacled monstrosity (Vaults:5)
  A lich (Vaults:4)
  2 deep elf blademasters (Elf:3)
  A titan (Vaults:5)
  2 deep elf master archers (Elf:3)
  15 acid blobs
  A kraken (Shoals:1)
  A tentacled starspawn (Abyss:3)
  Agnes (Spider:1)
  4 storm dragons
  Kirke (D:14)
  Ilsuiw (Shoals:4)
  2 shadow dragons
  Roxanne (D:15)
  5 deep elf sorcerers
  12 azure jellies
  Louise (Spider:1)
  4 ghost moths
  6 vault wardens
  8 emperor scorpions
  2 deep elf elementalists (Elf:3)
  9 ironheart preservers
  4 stone giants
  5 very ugly things
  4 entropy weavers
  9 deep elf demonologists
  12 deep elf annihilators
  Azrael (D:15)
  4 spark wasps
  Snorg (Orc:1)
  6 ettins
  3 merfolk javelineers (Shoals:4)
  A green death (Abyss:3)
  A blizzard demon (Abyss:3)
  6 deep elf death magi
  Josephine (Spider:1)
  7 death oozes (Slime:5)
  8 merfolk impalers
  4 ice dragons
  11 yaktaur captains
  2 rakshasas
  6 great orbs of eyes
  The ghost of Kidiri the Thaumaturge, a journeyman DEFE of Vehumet (Lair:3)
  25 vault guards
  Fannar (D:12)
  6 deep elf high priests
  2 merfolk avatars (Shoals:1)
  8 hydras
  6 centaur warriors
  10 ogre magi
  10 merfolk aquamancers
  A two-headed ogre (shapeshifter) (Vaults:2)
  A deep troll shaman (Lair:6)
  A catoblepas (Lair:6)
  32 two-headed ogres
  A death knight (D:14)
  An alligator (Shoals:1)
  2 satyrs
  A vampire mage (Vaults:2)
  A tengu warrior (D:14)
  11 death yaks
  14 dancing weapons
  3 thrashing horrors (Abyss:3)
  11 deep elf knights
  2 shadow wraiths
  A wretched star (Abyss:3)
  6 deep trolls
  7 large abominations (Abyss:3)
  2 wizards
  2 unseen horrors
  15 sea snakes
  3 glowing orange brains
  2 flayed ghosts
  12 deep elf archers
  A kraken simulacrum (Shoals:4)
  5 phantasmal warriors
  11 orc knights
  4 harpies
  4 necromancers
  7 ironbrand convokers
  32 deep elf magi
  An orb spider (shapeshifter) (Vaults:3)
  5 ugly things
  3 moths of wrath
  An oklob plant (D:6)
  8 elephants
  4 shining eyes
  14 manticores
  44 wolf spiders
  17 orb spiders
  4 orc sorcerers
  A moth of wrath (shapeshifter) (Vaults:5)
  16 cyclopes
  7 fauns
  2 worldbinders (Abyss:3)
  A black mamba (shapeshifter) (Vaults:5)
  12 merfolk sirens
  2 guardian serpents (shapeshifter)
  7 vault sentinels
  13 water nymphs
  4 black mambas
  4 eyes of devastation
  An ice statue (IceCv)
  5 gargoyles
  The ghost of Ajdolov the Gouger, a novice FeMo of Wu Jian (D:7)
  A smoke demon (Abyss:3)
  3 torpor snails
  6 centaur skeletons
  12 yaktaurs
  8 spiny frogs
  3 komodo dragons
  2 kobold demonologists
  15 demonic crawlers
  13 freezing wraiths
  A hellwing (Spider:1)
  An ancient zyme (Abyss:3)
  11 trolls
  4 meliai
  20 merfolk
  32 jumping spiders
  6 wind drakes
  6 polar bears
  A wind drake (shapeshifter) (D:15)
  5 hornets
  7 blink frogs
  11 snapping turtles
  5 raiju (Abyss:3)
  62 slime creatures
  A dream sheep (shapeshifter) (Elf:1)
  10 hippogriffs
  4 starcursed masses (Abyss:3)
  2 shadows
  16 water elementals
  A spriggan (shapeshifter) (D:15)
  A vampire (D:14)
  28 tarantellas
  2 ynoxinuls (Abyss:3)
  50 redbacks
  A wyvern (D:15)
  4 wraiths
  2 yaks (shapeshifter)
  A hog (shapeshifter) (Vaults:4)
  2 basilisks
  13 yaks
  6 hungry ghosts
  5 fire elementals
  4 hogs (D:14)
  A chaos spawn (Abyss:3)
  Menkaure (D:4)
  A yaktaur simulacrum (Vaults:1)
  8 wargs
  4 hell hounds (D:15)
  15 water moccasins
  10 porcupines
  40 orc warriors
  7 ice beasts
  3 eyes of draining
  An eye of draining (shapeshifter) (Vaults:1)
  3 sky beasts
  3 phantoms
  2 black bears
  2 alligator simulacra (IceCv)
  A necrophage (D:11)
  9 boggarts
  19 wolves
  14 centaurs
  41 ogres
  8 crocodiles
  A human skeleton (Vaults:1)
  A big kobold (D:13)
  A yaktaur zombie (Vaults:1)
  4 earth elementals
  10 bullfrogs
  A small abomination (Spider:1)
  5 scorpions
  18 killer bees
  An elephant simulacrum (IceCv)
  16 wights
  7 electric eels
  4 howler monkeys
  3 crimson imps
  7 centaur zombies
  6 draconian simulacra (IceCv)
  8 jellies
  12 hounds
  18 orc priests
  2 bullfrog skeletons
  An iron imp (Abyss:3)
  An iguana (D:7)
  24 orc wizards
  8 worker ants
  4 troll simulacra (IceCv)
  3 spriggan simulacra (IceCv)
  A killer bee zombie (D:6)
  A wolf simulacrum (IceCv)
  2 centaur simulacra (IceCv)
  A hound skeleton (D:11)
  2 naga simulacra (IceCv)
  3 ogre simulacra (IceCv)
  8 adders
  2 howler monkey skeletons
  2 shadow imps
  24 white imps
  2 oozes (D:4)
  An adder skeleton (D:4)
  2 dart slugs (D:3)
  6 leopard geckos
  94 orcs
  5 bats
  4 bat zombies (D:5)
  4 giant cockroaches
  11 hobgoblins
  12 jackals
  6 quokkas
  5 frilled lizards
  4 goblins
  9 kobolds
  A quokka skeleton (D:4)
  2 quokka zombies
  6 rats
  A rat zombie (D:5)
  A bush (Lair:6)
  3 crawling corpses (Vaults:5)
  5 fungi (Lair:5)
  14 plants
  A tentacle (Shoals:1)
1616 creatures vanquished.

Vanquished Creatures (others)
  A titan (Vaults:5)
  An ettin (Vaults:4)
  A merfolk aquamancer (Shoals:2)
  A dancing weapon (Elf:3)
  A thrashing horror (Abyss:3)
  A wizard (Vaults:2)
  A wolf spider (Spider:1)
  A troll (D:14)
  A merfolk (Shoals:4)
  A jumping spider (Spider:1)
  2 hornets (Spider:4)
  A slime creature (Slime:1)
  A snapping turtle (Shoals:4)
  3 redbacks
  A tarantella (Spider:4)
  A wraith (Spider:1)
  2 humans (D:14)
  A quasit (Abyss:3)
  An adder (D:12)
  2 orcs (Elf:1)
  4 fungi
  15 plants
  2 starspawn tentacles (Abyss:3)
  11 tentacles
57 creatures vanquished.

Grand Total: 1673 creatures vanquished

Notes
Turn   | Place    | Note
-------+----------+-------------------------------------------
     0 | D:1      | 4thArraOfDagon the Formicid Fire Elementalist began the quest for the Orb.
     0 | D:1      | Reached XP level 1. HP: 13/13 MP: 3/3
    42 | D:1      | Reached skill level 1 in Conjurations
   123 | D:1      | Reached XP level 2. HP: 14/19 MP: 0/5
   216 | D:1      | BLOAX: In death eternal, the cat is replaced by an ant determined.
   343 | D:1      | You fall through a shaft!
   431 | D:2      | Reached XP level 3. HP: 24/24 MP: 2/6
   436 | D:2      | Learned a level 3 spell: Conjure Flame
   600 | D:3      | Bazinga: ^^
   700 | D:2      | BLOAX: those are some quality JEWS
   796 | D:3      | Found a glowing golden altar of the Shining One.
   862 | D:3      | Reached XP level 4. HP: 27/30 MP: 4/7
   886 | D:3      | Learned a level 4 spell: Sticky Flame
   981 | D:3      | Found a sacrificial altar of Ru.
   996 | D:3      | Became a worshipper of Ru the Awakened
  1362 | D:4      | Noticed Menkaure
  1430 | D:4      | Killed Menkaure
  1430 | D:4      | Reached XP level 5. HP: 29/35 MP: 9/9
  1430 | D:4      | Reached XP level 6. HP: 34/41 MP: 10/10
  1440 | D:4      | Found a staircase to the Ecumenical Temple.
  1446 | Temple   | Entered the Ecumenical Temple
  1449 | D:4      | BLOAX: @??menkaure
  1546 | D:4      | Noticed an ogre
  1553 | D:4      | Killed an ogre
  1553 | D:4      | Reached skill level 5 in Fire Magic
  1742 | D:5      | Entered Level 5 of the Dungeon
  1743 | D:5      | Bazinga: ?? menkaure
  1743 | D:5      | beem: menkaure[1/2]: A unique, early mummy, also found in Ossuary. Knows pain, torment, and haste. Orc-wizard magenta! Before 0.17 gave normal mummy death curses.
  1851 | D:5      | Reached XP level 7. HP: 33/46 MP: 5/12
  1870 | D:4      | Learned a level 5 spell: Fireball
  1965 | D:5      | Found an ancient bone altar of Kikubaaqudgha.
  2419 | D:6      | Reached XP level 8. HP: 45/52 MP: 14/14
  2606 | D:6      | Noticed an oklob plant
  2607 | D:6      | Found a sparkling altar of Nemelex Xobeh.
  2614 | D:6      | Reached skill level 5 in Conjurations
  2647 | D:6      | Killed an oklob plant
  2662 | D:6      | BLOAX: ??cheese
  2664 | D:6      | beem: cheese[1/2]: 1200 nutrition, regardless of herbivore, carnivore, or whatever! Careful if you have the lactose intolerant mutation.
  2794 | D:6      | Reached skill level 5 in Spellcasting
  2794 | D:6      | Reached XP level 9. HP: 26/57 MP: 0/16
  3080 | D:7      | BLOAX: orc warrior demonstrating the usefulness of exploding projectiles
  3084 | D:7      | BLOAX: or lack thereof
  3231 | D:7      | BLOAX: breadswinging FeelsGoodMan
  3254 | D:7      | Noticed Ajdolov's ghost (novice FeMo)
  3299 | D:7      | Killed Ajdolov's ghost
  3348 | D:7      | Noticed a hippogriff
  3386 | D:7      | Killed a hippogriff
  3645 | D:7      | BLOAX: >not stepping on exp trap
  3648 | D:8      | BLOAX: tsk tsk
  3660 | D:8      | Reached XP level 10. HP: 42/63 MP: 19/19
  3726 | D:8      | Noticed a two-headed ogre
  3736 | D:8      | Reached skill level 1 in Shields
  3740 | D:8      | Killed a two-headed ogre
  3804 | D:8      | Found a white marble altar of Elyvilon.
  3805 | D:8      | BLOAX: !apt Og
  3810 | D:8      | beem: Og: Fighting: 3, Short: -1, Long: -1, Axes: 0, Maces: -1, Polearms: 0, Staves: 0, Slings: -3, Bows: -3, Xbows: -3, Throw: 0, Armour: -2, Dodge: -1, Stealth: -2, Shields: -1, UC: -1, Splcast: 1, Conj: -1, Hexes: -1, Charms: -1, Summ: -1, Nec: -1, Tloc: -1, Tmut: -1, Fire: -1, Ice: -1, Air: -1, Earth: -1, Poison: -1, Inv: 1, Evo: -2, Exp: 0, HP: 3!, MP: 0
  3828 | D:8      | Bazinga: ough
  3850 | D:8      | BLOAX: my god they still have not returned ogres to being bad
  3860 | D:8      | BLOAX: instead letting them fester as terrible
  4040 | D:8      | Found a hazy altar of Hepliaklqana.
  4186 | D:9      | Found Faommot's Jewellery Shop.
  4415 | D:9      | Reached skill level 10 in Fire Magic
  4489 | D:10     | Entered Level 10 of the Dungeon
  4551 | D:10     | Reached XP level 11. HP: 59/68 MP: 13/21
  4558 | D:10     | Gained mutation: You cannot drink potions while threatened. [Ru sacrifice]
  4558 | D:10     | Reached * piety under Ru
  4627 | D:10     | Found a transporter.
  4901 | D:11     | Noticed a cyclops
  4911 | D:11     | HP: 3/68 [cyclops/large rock (13)]
  4912 | D:11     | Killed a cyclops
  4960 | D:11     | Noticed an unseen horror
  5112 | D:11     | Noticed a cyclops
  5117 | D:11     | :O
  5273 | D:11     | Found a staircase to the Lair.
  5402 | D:11     | Killed an unseen horror
  5402 | D:11     | Reached skill level 10 in Conjurations
  5680 | D:11     | You are sucked into a shaft!
  5680 | D:12     | Noticed a cyclops
  5681 | D:12     | :O
  5681 | D:12     | HOW
  5681 | D:12     | BLOAX: LuL
  5684 | D:12     | You are sucked into a shaft!
  5789 | D:13     | Noticed a cyan ugly thing
  5799 | D:13     | Killed a cyan ugly thing
  5955 | D:13     | Got a steaming arbalest
  6052 | D:14     | Identified the +3 arbalest "Funaen" {velocity, *Slow rC+++ Str-3 Int+7} (You found it on level 13 of the Dungeon)
  6059 | D:14     | BLOAX: int+7 arbalest
  6060 | D:14     | BLOAX: solid
  6098 | D:14     | BLOAX: as a castah
  6101 | D:14     | BLOAX: look at my castah
  6115 | D:14     | Noticed Kirke
  6119 | D:14     | Reached XP level 12. HP: 74/74 MP: 0/24
  6120 | D:14     | Noticed a sphinx
  6137 | D:13     | Bazinga: and rc+++
  6166 | D:13     | BLOAX: weapon is -3 sling of rpois rc+
  6170 | D:13     | BLOAX: 2.4 dodging at xl23
  6235 | D:13     | Gained mutation: You are frail. (-10% HP) [Ru sacrifice]
  6235 | D:13     | Reached ** piety under Ru
  6235 | D:13     | Reached *** piety under Ru
  6235 | D:13     | Reached **** piety under Ru
  6343 | D:13     | BLOAX: ru is about disempowering yourself to let the game punish itself
  6370 | D:13     | BLOAX: chei is about empowering yourself to punish the game
  6419 | D:14     | Noticed a centaur warrior
  6421 | D:14     | Noticed a centaur warrior
  6422 | D:14     | You are sucked into a shaft!
  6422 | D:15     | Entered Level 15 of the Dungeon
  6439 | D:15     | HOW
  6453 | D:15     | Noticed a two-headed ogre
  6454 | D:15     | Noticed an ettin
  6455 | D:15     | Killed a two-headed ogre
  6459 | D:15     | Killed an ettin
  6460 | D:15     | Noticed an ogre mage
  6463 | D:15     | Killed an ogre mage
  6574 | D:15     | Noticed Roxanne
  6699 | D:15     | Noticed a centaur warrior
  6708 | D:15     | Killed a centaur warrior
  6971 | D:14     | Killed Kirke
  6971 | D:14     | Reached XP level 13. HP: 71/71 MP: 13/26
  6990 | D:14     | Bazinga: nice ring
  6994 | D:14     | BLOAX: oh my god
  7008 | D:14     | Killed a centaur warrior
  7009 | D:14     | BLOAX: he's been wearing an anti-booster this entire time
  7027 | D:14     | BLOAX: hilarious
  7058 | D:14     | Bazinga: more challenge I think"_
  7126 | D:14     | BLOAX: he's also not carrying bolts
  7136 | D:14     | BLOAX: because crossbows are just that bad
  7201 | D:14     | Killed a centaur warrior
  7258 | D:14     | Got a jewelled leather armour
  7269 | D:14     | Identified the +6 leather armour of Experimentation {+Fly} (You found it on level 14 of the Dungeon)
  7278 | D:14     | Found Ownimp's Jewellery Boutique.
  7347 | D:14     | Reached skill level 10 in Spellcasting
  7605 | D:13     | Noticed a vault guard
  7620 | D:13     | Killed a vault guard
  7900 | D:12     | Noticed Fannar
  7990 | D:12     | Killed Fannar
  8121 | D:12     | Gained mutation: You cannot study or cast Poison magic. [Ru sacrifice]
  8121 | D:12     | Gained mutation: You cannot study or cast Hexes magic. [Ru sacrifice]
  8121 | D:12     | Gained mutation: You cannot study or cast Charms magic. [Ru sacrifice]
  8121 | D:12     | Reached ***** piety under Ru
  8357 | D:11     | Reached XP level 14. HP: 75/76 MP: 15/28
  8433 | D:11     | Found a staircase to the Orcish Mines.
  8542 | Orc:1    | Entered Level 1 of the Orcish Mines
  8552 | Orc:1    | Noticed Snorg
  8619 | Orc:1    | Found a frozen archway.
  8626 | IceCv    | Entered an ice cave
  8877 | IceCv    | Found an ancient bone altar of Kikubaaqudgha.
  9149 | Orc:1    | Killed Snorg
  9261 | Orc:2    | Entered Level 2 of the Orcish Mines
  9291 | Orc:2    | Reached skill level 15 in Fire Magic
  9362 | Orc:2    | Found a staircase to the Elven Halls.
  9825 | Orc:2    | Found Fabbotin's Jewellery Emporium.
  9859 | Orc:2    | Reached XP level 15. HP: 81/81 MP: 9/30
  9886 | Orc:2    | Found Nautoi's Antique Weapon Shoppe.
  9890 | Orc:2    | Found Duatz's Antique Weapon Boutique.
  9901 | Orc:2    | Found Seug Oty's Weapon Shoppe.
  9920 | Orc:2    | Bought a dazzling halberd for 261 gold pieces
  9920 | Orc:2    | BLOAX: look at my castah
  9920 | Orc:2    | BLOAX: getting the 3 weapon shops
  9920 | Orc:2    | BLOAX: $$$
  9927 | Orc:2    | Identified the +5 halberd of Slow Death {flame, rC+ Dex+3 Stlth+} (You bought it in a shop on level 2 of the Orcish Mines)
  9978 | Elf:1    | Entered Level 1 of the Elven Halls
 10025 | Elf:1    | You are sucked into a shaft!
 10026 | Elf:2    | :O
 10028 | Elf:2    | You are sucked into a shaft!
 10028 | Elf:3    | Entered Level 3 of the Elven Halls
 10086 | Elf:3    | Learned a level 5 spell: Lee's Rapid Deconstruction
 10157 | Elf:2    | Reached skill level 1 in Earth Magic
 10218 | Elf:3    | Learned a level 3 spell: Stone Arrow
 10299 | Elf:3    | Found Zunaal's Assorted Antiques.
 10305 | Elf:3    | Bought a shiny buckler for 187 gold pieces
 10305 | Elf:3    | Bought a scroll labeled ZUTUCH TOUHOE for 25 gold pieces
 10336 | Elf:2    | Reached skill level 5 in Earth Magic
 10375 | Elf:2    | Noticed Aizul
 10505 | Elf:3    | Noticed a deep elf blademaster
 10512 | Elf:3    | Killed a deep elf blademaster
 10737 | Elf:2    | Noticed Asterion
 10837 | Elf:3    | Reached skill level 1 in Fighting
 10837 | Elf:3    | Reached skill level 10 in Earth Magic
 10846 | Elf:3    | Noticed a deep elf master archer
 10860 | Elf:3    | Killed a deep elf master archer
 10921 | Elf:3    | Noticed a deep elf blademaster
 10927 | Elf:3    | Killed a deep elf blademaster
 11006 | Elf:3    | Noticed a deep elf sorcerer
 11008 | Elf:3    | Killed a deep elf sorcerer
 11008 | Elf:3    | Reached XP level 16. HP: 95/95 MP: 25/31
 11168 | Elf:3    | Noticed a deep elf sorcerer
 11170 | Elf:3    | Killed a deep elf sorcerer
 11235 | Elf:3    | Noticed a deep elf sorcerer
 11244 | Elf:3    | Reached skill level 5 in Fighting
 11248 | Elf:3    | Killed a deep elf sorcerer
 11478 | Elf:3    | Noticed a deep elf master archer
 11481 | Elf:3    | Killed a deep elf master archer
 11682 | Elf:3    | Got a crude short sword {drain}
 11703 | Elf:3    | Got a heavily runed plate armour
 11719 | Elf:3    | Got a shimmering platinum amulet
 11724 | Elf:3    | Noticed a deep elf sorcerer
 11738 | Elf:3    | Got a warped amethyst amulet
 11752 | Elf:3    | Killed a deep elf sorcerer
 11752 | Elf:3    | Reached skill level 1 in Armour
 11772 | Elf:3    | Got a scorched garnet amulet
 11829 | Elf:3    | Identified the +4 plate armour "Jammeoc" {rElec rPois rC+ Str+3 Dex-2} (You took it off a deep elf master archer on level 3 of the Elven Halls)
 11844 | Elf:3    | Identified the Grimoire of the Glacier and Shape Shifting
 11852 | Elf:3    | Learned a level 6 spell: Statue Form
 11897 | Elf:3    | Reached skill level 1 in Transmutations
 11945 | Elf:3    | Identified the amulet of Makhleb's Esteem {Harm *Drain Dex+3} (You acquired it on level 3 of the Elven Halls)
 12197 | Elf:2    | Gained mutation: You are hated by all. [Ru sacrifice]
 12197 | Elf:2    | Reached ****** piety under Ru
 12213 | Elf:2    | Found a runed gate.
 12214 | Elf:2    | Found a runed gate.
 12216 | Elf:2    | Found a runed gate.
 12846 | Elf:1    | Identified the amulet "Xesaumi" {Inacc rElec rC+ Str+2} (You found it on level 3 of the Elven Halls)
 12876 | Elf:1    | Reached skill level 5 in Transmutations
 12876 | Elf:1    | Reached XP level 17. HP: 111/111 MP: 33/34
 13017 | Elf:1    | Identified the amulet of Riul {Inacc Int+3 Dex+3} (You found it on level 3 of the Elven Halls)
 13354 | D:15     | Killed Roxanne
 13367 | D:15     | Identified Roxanne's Incunabulum of Transformation (You took it off Roxanne on level 15 of the Dungeon)
 13423 | D:15     | Noticed Azrael
 13438 | D:15     | Killed Azrael
 13452 | D:15     | Identified the +1 short sword of the Hawk {drain, rF+} (You took it off a deep elf mage on level 3 of the Elven Halls)
 13632 | Lair:1   | Entered Level 1 of the Lair of Beasts
 13814 | Lair:2   | Found a staircase to the Shoals.
 13962 | Lair:2   | Got a spiked leather armour
 13982 | Lair:2   | Identified the +1 leather armour "Fugholed" {rF- rC+ Slay+3} (You found it on level 2 of the Lair of Beasts)
 13993 | Lair:2   | Got a faintly glowing rapier
 13994 | Lair:2   | Identified the +8 rapier of Purpose {antimagic, Str+5} (You found it on level 2 of the Lair of Beasts)
 14336 | Lair:3   | Reached skill level 1 in Unarmed Combat
 14602 | Lair:3   | Noticed Kidiri's ghost (journeyman DEFE)
 14604 | Lair:3   | Killed Kidiri's ghost
 14649 | Lair:3   | jacquesderrida: Degn
 14827 | Lair:4   | Learned a level 6 spell: Freezing Cloud
 14976 | Lair:5   | Reached skill level 10 in Fighting
 15139 | Lair:5   | Learned a level 1 spell: Apportation
 15288 | Lair:6   | Entered Level 6 of the Lair of Beasts
 15438 | Lair:6   | Reached skill level 5 in Unarmed Combat
 15447 | Lair:6   | Reached skill level 5 in Dodging
 15449 | Lair:6   | Reached XP level 18. HP: 122/122 MP: 5/35
 15635 | Lair:6   | Found a staircase to the Slime Pits.
 15749 | Lair:5   | BLOAX: watch out it's antman
 15754 | Lair:5   | BLOAX: with his anthands
 15787 | Lair:6   | BLOAX: blasting niggaz with his antballz
 15983 | Lair:4   | Found a hole to the Spider Nest.
 16080 | Shoals:1 | Entered Level 1 of the Shoals
 16080 | Shoals:1 | Noticed a kraken
 16084 | Shoals:1 | Killed a kraken
 16155 | Shoals:1 | jacquesderrida: Da
 16331 | Shoals:1 | Found Otielecu's Antique Weapon Boutique.
 16577 | Shoals:2 | Found Teagref's Magic Scroll Boutique.
 16627 | Shoals:2 | Bought a scroll of fear for 38 gold pieces
 16627 | Shoals:2 | Bought a scroll of fear for 38 gold pieces
 16720 | Shoals:2 | Found Wyut's Jewellery Shop.
 16728 | Shoals:2 | Bought the ring "Wonnyso" {Wiz Dex+3 Slay+2 Stlth-} for 955 gold pieces
 16948 | Shoals:2 | Found Fodghohal's General Store.
 16960 | Shoals:2 | Bought a scroll of magic mapping for 52 gold pieces
 17245 | Shoals:3 | Identified the cursed +1 plate armour of Finuipn {rPois} (You found it on level 3 of the Shoals)
 17431 | Shoals:4 | Entered Level 4 of the Shoals
 17591 | Shoals:4 | Reached XP level 19. HP: 89/131 MP: 20/36
 17700 | Shoals:4 | Reached skill level 10 in Unarmed Combat
 17819 | Shoals:4 | Noticed Ilsuiw
 17884 | Shoals:4 | Killed Ilsuiw
 17977 | Shoals:4 | Identified the cursed +0 scale mail of the Evening {Dex+4 Stlth+} (You found it on level 4 of the Shoals)
 18069 | Shoals:4 | Got a barnacled rune of Zot
 18549 | Spider:1 | Entered Level 1 of the Spider Nest
 18600 | Spider:1 | Noticed Agnes
 18609 | Spider:1 | Killed Agnes
 18737 | Spider:1 | Noticed Nikola
 18746 | Spider:1 | Noticed Josephine
 18749 | Spider:1 | Killed Nikola
 18750 | Spider:1 | Killed Josephine
 18835 | Spider:1 | Noticed Louise
 18843 | Spider:1 | Cast into level 3 of the Abyss (Louise)
 18863 | Abyss:3  | Thaneod: hah
 19049 | Abyss:3  | Noticed a bone dragon
 19061 | Abyss:3  | Killed a bone dragon
 19127 | Abyss:3  | Reached XP level 20. HP: 75/140 MP: 37/37
 19139 | Spider:1 | Escaped the Abyss
 19149 | Spider:1 | Killed Louise
 19619 | Spider:2 | p0werm0de: https://discord.gg/brVrGU
 19619 | Spider:2 | p0werm0de: y00
 19619 | Spider:2 | 4thArraOfDagon: yoo
 19619 | Spider:2 | p0werm0de: we have a xtahua discord now test wise
 19619 | Spider:2 | p0werm0de: come in enjooy
 19619 | Spider:2 | 4thArraOfDagon: nice :)
 19882 | Spider:3 | Reached skill level 5 in Shields
 20113 | Spider:3 | p0werm0de: amaterasu > https://discord.gg/brVrGU
 20149 | Spider:3 | p0werm0de: discord for xtahua/eu players
 20186 | Spider:2 | Amaterasu: o, interesting
 20333 | Spider:4 | Entered Level 4 of the Spider Nest
 20407 | Spider:4 | Thaneod: !shatter p0werm0de
 20407 | Spider:4 | beem: Thaneod mumbles some strange words. msg rumbles around Thaneod! p0werm0de shudders from the earth-shattering force.
 20434 | Spider:4 | Learned a level 2 spell: Sublimation of Blood
 20650 | Spider:4 | Learned a level 4 spell: Passage of Golubria
 20653 | Spider:4 | Learned a level 2 spell: Passwall
 20657 | Spider:4 | Learned a level 3 spell: Lesser Beckoning
 20930 | Spider:4 | Reached skill level 10 in Dodging
 20930 | Spider:4 | Reached XP level 21. HP: 131/148 MP: 27/38
 21091 | Spider:4 | Got a gossamer rune of Zot
 21391 | Slime:1  | Entered Level 1 of the Pits of Slime
 21494 | Slime:1  | Gained mutation: Your body sometimes deteriorates upon taking damage. [a shining eye]
 21737 | Slime:2  | Gained mutation: You are very frail. (-20% HP) [a shining eye]
 21955 | Slime:5  | Entered Level 5 of the Pits of Slime
 21986 | Slime:5  | Noticed the Royal Jelly
 22115 | Slime:5  | Reached skill level 10 in Shields
 22349 | Slime:5  | Found a viscous altar of Jiyva.
 22471 | Slime:5  | Thaneod: where she goes?
 22488 | Slime:5  | Killed the Royal Jelly
 22509 | Slime:5  | Got a glittering diamond amulet
 22515 | Slime:5  | Got an ichor-stained ring mail
 22545 | Slime:5  | Identified the +0 robe of Eternal Vigilance {rF+ rC+ Int+5} (You found it on level 5 of the Pits of Slime)
 22576 | Slime:5  | Identified the Volume of Earthen Venom
 22603 | Slime:5  | Got a slimy rune of Zot
 22609 | Slime:5  | Identified the amulet "Sootud" {Harm *Drain rF+ rC+ Str+3} (You found it on level 5 of the Pits of Slime)
 22939 | D:10     | Found a transporter.
 22939 | D:10     | Found a transporter.
 22939 | D:10     | Found a transporter.
 22939 | D:10     | Found a transporter.
 22947 | D:10     | Found a transporter.
 22991 | D:10     | Identified the ring of Vizext {+Fly MP+9 Int+4} (You found it on level 10 of the Dungeon)
 23138 | D:13     | Found a gate to the Vaults.
 23170 | Vaults:1 | Entered Level 1 of the Vaults
 23292 | Vaults:1 | Found Gyryeseu's General Store.
 23334 | Vaults:1 | Found Cuott's Weapon Shop.
 23336 | Vaults:1 | Found Ciupo's Magic Scroll Shop.
 23482 | Vaults:1 | Reached XP level 22. HP: 138/138 MP: 39/39
 23510 | Vaults:1 | Noticed Jorgrun
 23513 | Vaults:1 | Killed Jorgrun
 23958 | Vaults:2 | Reached skill level 15 in Unarmed Combat
 23966 | Vaults:2 | Found Aworin's Distillery.
 23971 | Vaults:2 | Bought a potion of ambrosia for 160 gold pieces
 23971 | Vaults:2 | Bought a potion of agility for 80 gold pieces
 23971 | Vaults:2 | Bought a potion of mutation for 160 gold pieces
 23971 | Vaults:2 | Bought a potion of curing for 60 gold pieces
 23971 | Vaults:2 | Bought a potion of might for 80 gold pieces
 23971 | Vaults:2 | Bought a potion of agility for 80 gold pieces
 23971 | Vaults:2 | Bought a potion of agility for 80 gold pieces
 23971 | Vaults:2 | Bought a potion of magic for 160 gold pieces
 23971 | Vaults:2 | Bought 2 potions of curing for 120 gold pieces
 23971 | Vaults:2 | Bought a potion of heal wounds for 100 gold pieces
 24496 | Vaults:2 | Found a staircase to the Crypt.
 24875 | Vaults:3 | Reached skill level 15 in Fighting
 24962 | Vaults:4 | Noticed Frederick
 24969 | Vaults:4 | Killed Frederick
 25312 | Vaults:4 | Reached XP level 23. HP: 144/144 MP: 32/40
 25527 | Vaults:5 | Entered Level 5 of the Vaults
 25627 | Vaults:4 | Learned a level 9 spell: Shatter
 25642 | Vaults:4 | Amaterasu: brilliance and ignition?
 25796 | Vaults:5 | Reached skill level 15 in Earth Magic
 25984 | Vaults:5 | Reached XP level 24. HP: 148/152 MP: 17/41
 25992 | Vaults:5 | Noticed a golden dragon
 26003 | Vaults:5 | HP: 5/197 [sphinx/divine providence (19)]
 26004 | Vaults:5 | Slain by a tengu reaver

Vault maps used:
D:1:      minmay_arrival_semitransparent
D:2:      minmay_misc_feat_tower
D:3:      nicolae_overflow_crystal_walls, tso_metal_star
D:4:      lemuel_temple_firewalk_b, uniq_menkaure
D:5:      lemuel_zombie_altar_kikubaaqudgha, first_ration,
          minmay_item_behind_shaft, serial_park_tiny_2
D:6:      serial_park, serial_park_square3, serial_park_tiny_pond,
          serial_park_tiny_2, serial_park_tiny_1, lemuel_oklob_altar
D:7:      cheibrodos_two_vegetables
D:8:      basic_altar, elyvilon_altar_1
D:9:      serial_shops, shop
D:10:     gammafunk_the_bubble
D:11:     erik_lair_orcish_takeover, david_orc_1_choice
D:12:     uniq_fannar
D:13:     david_vaults_5, special_room
D:14:     serial_shops, shop, grunt_pizzeria, uniq_kirke
D:15:     hangedman_depths_entry_civil_slaughter, uniq_urug, uniq_azrael,
          uniq_roxanne
Temple:   regret_index_temple_chain_breaker
Lair:1:   grunt_megastairs_4, serial_bayou_shore_a
Lair:2:   minmay_shoals_entry_beasts
Lair:4:   spider_nest_entry_webs, grunt_megastairs_2, infiniplex_staircase_pool
Lair:5:   beast_lair_carwin_11
Lair:6:   grunt_lair_end_beastmaster, slime_dummy, patterned_corridor
Shoals:1: argonaut_golden_fleece, serial_shops, shop,
          nicolae_shoals_siren_and_animal_friends
Shoals:2: serial_shops, shop, nicolae_shop_temple_entry_statues_fountains,
          nicolae_shop_trees, nicolae_shoals_water_shrine
Shoals:4: shoals_end_grunt_ice, shoals_ilsuiw_ice, overgrown_tower
Spider:1: cheibrodos_forgotten_conduit, uniq_josephine, uniq_nikola,
          uniq_louise, uniq_agnes
Spider:4: guppyfry_spider_rune
Slime:4:  cheibrodos_slime_lost_civilization_10
Orc:1:    portal_ice_cave_entry_imps, uniq_snorg
Orc:2:    st_orc_open
Elf:1:    orc_legates, hangedman_decor_cross_pass
Elf:2:    uniq_aizul, uniq_asterion
Elf:3:    grunt_elf_hall_branching, minmay_shop_star
Vaults:1: nicolae_vaults_yaktaur_gun_rack, ontoclasm_vaults_pinch,
          ontoclasm_vaults_decontamination, v_misc_33, v_misc_32, v_misc_1,
          nicolae_vaults_little_squares_3, vaults_room_semicircle, serial_shops,
          shop, shop, shop, shop_statue, uniq_jorgrun
Vaults:2: minmay_crypt_entry_simple_round, hangedman_vaults_hard_town_square,
          nicolae_vaults_network_periphery, nicolae_vaults_big_angled_halls,
          vaults_mumra_minichess, hangedman_vaults_corner_blocks,
          v_alt_pattern_1, vaults_dpeg_hooks, nicolae_vaults_specimen_jars,
          nicolae_vaults_three_branches, stair_cage_open, serial_shops,
          nicolae_shop_waterfront
Vaults:3: nicolae_vaults_angled_halls, v_misc_8, v_rooms_3,
          vaults_standard_mumra_enter_the_diamond, st_lattice,
          hangedman_vaults_corner, v_alt_pattern_3, hangedman_vaults_stagger,
          vaults_room_grunt_arrival_ludios, nicolae_vaults_gold_heap,
          ontoclasm_vaults_chip, grunt_vaults_diagonal
Vaults:4: v_misc_26, vaults_dpeg_spiral, vaults_dpeg_diagonal,
          ontoclasm_vaults_tryst, vaults_room_stairs_pillars, v_misc_15,
          vaults_room_hallway, vaults_room_ringed_pool, v_misc_16,
          vaults_room_pool, v_rooms_6, vaults_room_fours,
          nicolae_vaults_little_ls, v_misc_17, v_misc_18,
          nicolae_vaults_mini_display_case, vaults_room_fours, uniq_frederick
Abyss:3:  evilmike_abyss_exit_mutagenic, hangedman_elemental_corridor,
          eino_small_chamber_without_monster
IceCv:    ice_cave_small_necro

Skill      XL: |  1  2  3  4  5  6  7  8  9 10 11 12 13 14 15 16 17 18 19 20 21 22 23 |
---------------+----------------------------------------------------------------------+-----
Conjurations   | 1 2 3 4 6 7 8 10 11 13 14 | 14.2
Fire Magic     | 4 5 6 7 8 10 11 13 14 15 16 | 16.1
Spellcasting   | 3 4 5 6 7 8 9 10 11 13 14 | 14.1
Shields        | 3 8 11 12 14 | 14.4
Earth Magic    | 11 12 14 15 | 15.6
Fighting       | 4 8 10 11 13 14 15 | 15.6
Armour         | 1 |  1.0
Transmutations | 5 6 |  6.0
Dodging        | 5 7 9 10 | 10.6
Unarmed Combat | 5 9 12 13 14 15 16 | 16.5
Stealth        | |  2.4

Action                   |  1- 3 |  4- 6 |  7- 9 | 10-12 | 13-15 | 16-18 | 19-21 | 22-24 || total
-------------------------+-------+-------+-------+-------+-------+-------+-------+-------++-------
Melee: Whip              |    12 |       |       |       |       |       |       |       ||    12
       Short sword       |    17 |     4 |     3 |       |       |     5 |       |       ||    29
       Quarterstaff      |       |       |    60 |    52 |       |       |       |       ||   112
       Halberd           |       |       |       |     3 |       |       |       |       ||     3
       Arbalest          |       |       |       |     3 |       |       |       |       ||     3
       Staff             |       |       |       |       |       |     5 |       |       ||     5
       Unarmed           |       |       |       |       |       |    34 |   853 |   386 ||  1273
 Cast: Flame Tongue      |    68 |    75 |    81 |   107 |   165 |    37 |    24 |       ||   557
       Conjure Flame     |       |     5 |    13 |    35 |    41 |    21 |     9 |     1 ||   125
       Sticky Flame      |       |     2 |    20 |    41 |    50 |    71 |    18 |     1 ||   203
       Fireball          |       |       |     4 |    74 |   222 |   330 |   231 |    42 ||   903
       Stone Arrow       |       |       |       |       |    11 |    47 |       |       ||    58
       Lee's Rapid Decon |       |       |       |       |     4 |    36 |     2 |     5 ||    47
       Statue Form       |       |       |       |       |       |     5 |    49 |    30 ||    84
       Shatter           |       |       |       |       |       |       |       |     1 ||     1
Invok: Reject Sacrifices |       |     1 |       |       |       |       |       |       ||     1
       Sacrifice Drink   |       |       |       |     1 |       |       |       |       ||     1
       Draw Out Power    |       |       |       |     3 |     7 |     5 |     1 |       ||    16
       Sacrifice Health  |       |       |       |     1 |       |       |       |       ||     1
       Sacrifice Arcana  |       |       |       |       |     1 |       |       |       ||     1
       Sacrifice Love    |       |       |       |       |       |     1 |       |       ||     1
       Apocalypse        |       |       |       |       |       |     6 |     8 |     6 ||    20
 Abil: Dig               |    12 |     9 |    35 |    57 |    40 |     8 |     4 |       ||   165
       Shaft Self        |       |       |       |     2 |     1 |       |       |       ||     3
       End Transformatio |       |       |       |       |       |     2 |    19 |     9 ||    30
Evoke: Wand              |       |       |     5 |    12 |     1 |       |       |       ||    18
       Lightning rod     |       |       |       |     5 |     4 |     6 |     2 |       ||    17
       Lamp of fire      |       |       |       |     1 |     1 |       |     1 |       ||     3
  Use: Potion            |       |     4 |     1 |     2 |     3 |     2 |     5 |     1 ||    18
       Scroll            |       |     2 |     1 |    11 |    13 |    20 |    12 |    10 ||    69
 Stab: Sleeping          |     1 |       |       |       |       |       |       |       ||     1
       Paralysed         |       |       |       |       |       |     1 |    12 |    14 ||    27
       Invisible         |       |       |       |       |       |       |     8 |     3 ||    11
       Distracted        |       |       |       |       |       |       |     4 |     4 ||     8
       Petrified         |       |       |       |       |       |       |       |     1 ||     1
  Eat: Chunk             |     2 |     6 |    13 |    22 |    22 |    20 |    14 |    12 ||   111
       Ration            |       |       |     1 |     6 |     6 |     4 |     8 |     1 ||    26
Armor: Robe              |    11 |     6 |     4 |       |       |       |     2 |       ||    23
       Ring mail         |       |       |    32 |    54 |     4 |       |       |       ||    90
       Leather armour    |       |       |     3 |       |       |       |       |       ||     3
       Troll leather arm |       |       |       |       |    44 |    90 |    23 |       ||   157
       Skin              |       |       |       |       |       |    69 |   810 |   160 ||  1039
Dodge: Dodged            |    44 |    13 |    61 |    87 |    56 |   152 |  1125 |   207 ||  1745
Block: Other             |     2 |     1 |     3 |       |       |       |       |       ||     6
       Buckler           |       |       |       |    24 |    39 |    96 |   588 |     7 ||   754
       Large shield      |       |       |       |       |       |       |       |   411 ||   411

Table legend:
 A = Spawn XP
 B = Non-spawn XP
 C = Spawn XP percentage of total XP
 D = Spawn monster count
 E = Non-spawn monster count
 F = Spawn count percentage of total count
 G = Total turns spent on level
                    A         B        C        D         E        F      G
               +---------+---------+-------+---------+---------+-------+---------
         Total |   17277 |  683082 |   2.5 |      36 |    1552 |   2.3 | 26004
               +---------+---------+-------+---------+---------+-------+---------
           D:1 |       0 |      23 |   0.0 |       0 |      15 |   0.0 |   343
           D:2 |       0 |      24 |   0.0 |       0 |      14 |   0.0 |   412
           D:3 |       0 |      45 |   0.0 |       0 |      22 |   0.0 |   488
           D:4 |       0 |     404 |   0.0 |       0 |      15 |   0.0 |   538
           D:5 |       0 |     222 |   0.0 |       0 |      21 |   0.0 |   452
           D:6 |       0 |    1312 |   0.0 |       0 |      22 |   0.0 |   663
           D:7 |       0 |    1778 |   0.0 |       0 |      24 |   0.0 |   748
           D:8 |       0 |    1832 |   0.0 |       0 |      24 |   0.0 |   443
           D:9 |       0 |    1399 |   0.0 |       0 |      27 |   0.0 |   402
          D:10 |       0 |    3522 |   0.0 |       0 |      30 |   0.0 |   801
          D:11 |       0 |    7455 |   0.0 |       0 |      56 |   0.0 |  1034
          D:12 |       0 |    7156 |   0.0 |       0 |      39 |   0.0 |   662
          D:13 |       0 |    4909 |   0.0 |       0 |      23 |   0.0 |   808
          D:14 |       0 |   13056 |   0.0 |       0 |      41 |   0.0 |   888
          D:15 |       0 |   13956 |   0.0 |       0 |      33 |   0.0 |   547
        Lair:1 |       0 |    2271 |   0.0 |       0 |       7 |   0.0 |   210
        Lair:2 |       0 |    3983 |   0.0 |       0 |      18 |   0.0 |   540
        Lair:3 |       0 |    6370 |   0.0 |       0 |      17 |   0.0 |   525
        Lair:4 |       0 |    3362 |   0.0 |       0 |      14 |   0.0 |   429
        Lair:5 |       0 |    8126 |   0.0 |       0 |      24 |   0.0 |   436
        Lair:6 |       0 |   22245 |   0.0 |       0 |      57 |   0.0 |   662
      Shoals:1 |       0 |   18857 |   0.0 |       0 |      34 |   0.0 |   460
      Shoals:2 |       0 |   17259 |   0.0 |       0 |      35 |   0.0 |   566
      Shoals:3 |       0 |    3287 |   0.0 |       0 |       7 |   0.0 |   492
      Shoals:4 |       0 |   40313 |   0.0 |       0 |      71 |   0.0 |   833
      Spider:1 |      73 |   23348 |   0.3 |       1 |      45 |   2.2 |   508
      Spider:2 |       0 |   12504 |   0.0 |       0 |      36 |   0.0 |   655
      Spider:3 |       0 |   18769 |   0.0 |       0 |      45 |   0.0 |   464
      Spider:4 |       0 |   47754 |   0.0 |       0 |      94 |   0.0 |   855
       Slime:1 |       0 |    9574 |   0.0 |       0 |      17 |   0.0 |   248
       Slime:2 |       0 |    5974 |   0.0 |       0 |      10 |   0.0 |   122
       Slime:3 |       0 |    2725 |   0.0 |       0 |       7 |   0.0 |    72
       Slime:4 |       0 |    8639 |   0.0 |       0 |      13 |   0.0 |   313
       Slime:5 |       0 |   37060 |   0.0 |       0 |      17 |   0.0 |   536
         Orc:1 |       0 |    4693 |   0.0 |       0 |      44 |   0.0 |   496
         Orc:2 |       0 |   19234 |   0.0 |       0 |      72 |   0.0 |   653
         Elf:1 |       0 |   20422 |   0.0 |       0 |      40 |   0.0 |   960
         Elf:2 |       0 |   12059 |   0.0 |       0 |      19 |   0.0 |   245
         Elf:3 |       0 |   54559 |   0.0 |       0 |      49 |   0.0 |  1971
      Vaults:1 |       0 |   19798 |   0.0 |       0 |      48 |   0.0 |   563
      Vaults:2 |       0 |   42901 |   0.0 |       0 |      72 |   0.0 |   859
      Vaults:3 |       0 |   21817 |   0.0 |       0 |      34 |   0.0 |   329
      Vaults:4 |       0 |   66636 |   0.0 |       0 |      78 |   0.0 |  1030
      Vaults:5 |       0 |   60242 |   0.0 |       0 |      58 |   0.0 |    53
       Abyss:3 |   17204 |    4764 |  78.3 |      35 |      10 |  77.8 |   296
         IceCv |       0 |    6444 |   0.0 |       0 |      54 |   0.0 |   392
               +---------+---------+-------+---------+---------+-------+---------
